 Dungeon Crawl Stone Soup version 0.17-a0-1479-g4041c36 (webtiles) character file.

25 Vlagh the Changer (level 2, 0/12 HPs)
             Began as a Felid Transmuter on July 3, 2015.
             Slain by a worm (12 damage)
             ... on level 2 of the Dungeon.
             The game lasted 00:04:00 (1597 turns).

Vlagh the Changer (Felid Transmuter)                Turns: 1597, Time: 00:04:00

Health: 0/12       AC:  1    Str:  6    XL:     2   Next: 86%
Magic:  5/6        EV: 18    Int: 14    God:
Gold:   98         SH:  0    Dex: 16    Spells: 2 memorised, 2 levels left
                                        Lives:  0   Deaths: 0

rFire  . . .     SeeInvis +       - Unarmed
rCold  . . .     Clarity  .     (armour unavailable)
rNeg   . . .     SustAt   .     (shield unavailable)
rPois  .         Gourm    .     (helmet unavailable)
rElec  .         Spirit   .     (cloak unavailable)
rCorr  .         Warding  .     (gloves unavailable)
rMut   .         Stasis   .     (boots unavailable)
MR     .....                    (no amulet)
Stlth  ++........               (no ring)
                                (no ring)

@: appendage, quick, not resistant to hostile enchantments, unstealthy
A: no armour, no weapons or thrown items, claws 1, fangs 3, horns 2, see
invisible, carnivore 3, speed 1, shaggy fur 1, slow metabolism 1, sharp paws
a: End Transformation


You were on level 2 of the Dungeon.
You were very full.
You had grown temporary horns.
You visited 1 branch of the dungeon, and saw 2 of its levels.

You collected 98 gold pieces.

Inventory:

Missiles
 a - 59 arrows
Scrolls
 d - a scroll of noise {unknown}
 f - 5 scrolls of identify
 g - 2 scrolls of remove curse {unknown}
Potions
 e - a potion of invisibility
 j - a potion of flight {unknown}
Books
 b - a book of Changes

   Spells                             Type                      Level
   a - Beastly Appendage              Transmutation                1
   b - Sticks to Snakes               Transmutation                2
   c - Spider Form                    Transmutation/Poison         3
   d - Ice Form                       Ice/Transmutation            4
   e - Blade Hands                    Transmutation                5
Comestibles
 c - a meat ration
 h - a slice of pizza
 i - a chunk of flesh


   Skills:
 - Level 1.0 Fighting
 - Level 2.6 Dodging
 - Level 3.0 Unarmed Combat
 - Level 2.0 Spellcasting
 + Level 3.8 Transmutations


You had 2 spell levels left.
You knew the following spells:

 Your Spells              Type           Power        Failure   Level  Hunger
a - Beastly Appendage     Trmt           ##....       6%          1    ##.....
b - Sticks to Snakes      Trmt           ##........   10%         2    ###....


Dungeon Overview and Level Annotations

Branches:
Dungeon (2/15)

Altars:


Innate Abilities, Weirdness & Mutations

You cannot wear armour.
You are incapable of wielding weapons or throwing items.
You have sharp claws.
You have razor-sharp teeth.
You have supernaturally acute eyesight.
You are carnivorous and can eat meat at any time.
You cover ground quickly.
You are covered in fur (AC +1).
You have a slow metabolism.
Your sharp claws are effective at attacking unaware monsters.
You have a pair of horns on your head.


Message History

You now have 89 gold pieces (gained 12).
j - a glowing inky potion Your transformation is almost over.
Magic restored.
Your magical contamination has completely faded away.
Your horns disappear.
You see here 24 stones.
You now have 98 gold pieces (gained 9).
A worm comes into view.
Casting: Beastly Appendage
Confirm with . or Enter, or press ? or * to list all spells.
You grow a pair of large bovine horns.
The worm misses you.
You claw the worm! You headbutt the worm!
The worm is severely wounded.
You scratch the worm. You bite the worm.
The worm is almost dead.
The worm bites you!
Ouch! That really hurt!
You die...

......# ###.### ###
#.# #.# #.. ..# #.#
#.# #.# #(# #.# #.#
#.# #.# #.# #.# #.#
#.# # #.# #.#
###.##.# ###.#####.#
#...@w.#
..........###.#.####
###...........#.#
############..# #.##
#.# #.# #.# .#


You could see a worm.

Vanquished Creatures
  An ooze (D:1)
  A giant gecko (D:1)
  A ball python (D:1)
  3 hobgoblins (D:1)
  3 bats (D:1)
  2 giant newts (D:1)
  4 goblins (D:1)
  3 kobolds
  4 rats (D:1)
22 creatures vanquished.

Notes
Turn   | Place    | Note
--------------------------------------------------------------
     0 | D:1      | Vlagh the Felid Transmuter began the quest for the Orb.
     0 | D:1      | Reached XP level 1. HP: 9/9 MP: 4/4
   448 | D:1      | Reached XP level 2. HP: 12/12 MP: 4/6
   464 | D:1      | Learned a level 2 spell: Sticks to Snakes
  1597 | D:2      | Slain by a worm

Vault maps used:
D:1:      minmay_arrival_semitransparent
D:2:      gammafunk_temple_overflow_statue, st_stairs_3, minmay_bisected

Action                   || total
-------------------------++-------
Melee: Unarmed           ||    56
 Cast: Beastly Appendage ||    18
  Use: Scroll            ||     1
  Eat: Chunk             ||     8
